 Dungeon Crawl Stone Soup version 0.20.1-1-g8b1a95d (webtiles) character file.

10520 empire the Cleaver (level 11, -29/103 HPs)
             Began as a Minotaur Fighter on Oct 31, 2017.
             Was an Elder of Nemelex Xobeh.
             Annihilated by an ettin
             ... wielding a +0 dire flail
              (43 damage)
             ... on level 12 of the Dungeon.
             The game lasted 00:29:27 (10607 turns).

empire the Cleaver (Minotaur Fighter)              Turns: 10607, Time: 00:29:28

Health: -29/103    AC: 16    Str: 23    XL:     11   Next: 37%
Magic:  13/13      EV: 10    Int:  7    God:    Nemelex Xobeh [****..]
Gold:   713        SH: 12    Dex: 13    Spells: 10/10 levels left

rFire    + . .     SeeInvis .   b - +3 scimitar (flame)
rCold    . . .     Gourm    .   c - +1 shield
rNeg     . . .     Faith    .   r - +1 chain mail {MR+}
rPois    .         Spirit   .   (helmet restricted)
rElec    .         Reflect  .   i - +1 cloak
rCorr    .         Harm     .   Q - +1 pair of gloves
MR       +....                  (no boots)
Stlth    ..........             n - amulet of regeneration
Regen    0.7/turn               g - ring of protection from fire
MPRegen  0.2/turn               F - ring of stealth

@: about to teleport, drained
A: retaliatory headbutt, horns 2, clever 1, robust 1, strong 1
a: Triple Draw, Deal Four, Renounce Religion


You were on level 12 of the Dungeon.
You worshipped Nemelex Xobeh.
Nemelex Xobeh was greatly pleased with you.
You were not hungry.

You visited 2 branches of the dungeon, and saw 13 of its levels.

You collected 713 gold pieces.

Inventory:

Hand Weapons
 a - a +0 war axe
 b - a +3 scimitar of flaming (weapon)
 N - a +0 glaive
 S - the +4 shortbow of Quradoro {velocity, rElec rPois, unknown}
   (You found it on level 8 of the Dungeon)

   Any arrow fired from it inflicts extra damage.
   It insulates you from electricity.
   It protects you from poison.
Armour
 c - a +1 shield (worn)
 i - a +1 cloak (worn)
 r - a +1 chain mail of magic resistance (worn)
 Q - a +1 pair of gloves (worn)
Jewellery
 g - a ring of protection from fire (left hand)
 n - an amulet of regeneration (around neck)
 u - a +2 amulet of reflection {unknown}
 F - a ring of stealth (right hand)
 U - an uncursed amulet of rage {unknown}
Wands
 d - a wand of lightning (5/15)
Scrolls
 q - 2 scrolls of amnesia
 t - 4 scrolls of teleportation
 v - a scroll of enchant armour
 B - 4 scrolls of recharging
 M - 4 scrolls of remove curse
 P - a scroll of fog
Potions
 j - 3 potions of brilliance
 l - a potion of degeneration
 m - 3 potions of heal wounds
 p - 3 potions of lignification
 z - a potion of ambrosia
 A - a potion of magic
 D - 4 potions of curing
Miscellaneous
 e - a plain deck of summoning
 o - an ornate deck of escape
 s - a plain deck of summoning {drawn: 6}
 w - a plain deck of escape
 x - an ornate deck of summoning
 J - an ornate deck of summoning
 Y - an ornate deck of destruction
Comestibles
 f - 9 bread rations
 h - 5 chunks of flesh
 k - 6 meat rations
 G - 9 royal jellies


   Skills:
 + Level 8.0(7.7) Fighting
 * Level 9.5(9.2) Long Blades
 * Level 11.0(10.7) Axes
 + Level 8.4(8.1) Armour
 + Level 6.8(6.5) Dodging
 + Level 8.2(7.9) Shields
 + Level 5.1(4.8) Invocations


You had 10 spell levels left.
You didn't know any spells.

Dungeon Overview and Level Annotations

Branches:
Dungeon (12/15)            Temple (1/1) D:5            Lair (0/6) D:9
    Orc (0/2) D:9

Altars:
Ashenzari
Cheibriados
Dithmenos
Elyvilon
Fedhas
Gozag
Hepliaklqana
Kikubaaqudgha
Makhleb
Nemelex Xobeh
Okawaru
Qazlal
Ru
Sif Muna
Trog
Uskayaw
Vehumet
Xom
Yredelemnul
Zin
The Shining One

Portals:
Labyrinth: D:11


Innate Abilities, Weirdness & Mutations

You reflexively headbutt those who attack you in melee.
You have a pair of horns on your head.
Your mind is acute. (Int +2)
You are robust. (+10% HP)
Your muscles are strong. (Str +2)


Message History

Your ice beast freezes the ettin!
You block the ettin's attack. x2
Your basilisk bites the ettin!
Your ice beast hits the war gargoyle but does no damage.
You slash the ettin! You burn the ettin.
The ettin is severely wounded.
You block the ettin's attack. The ettin hits you with a dire flail!!!
Your ice beast hits the orc knight but does no damage.
A yaktaur captain comes into view.
Unknown command.
As you read the scroll of teleportation, it crumbles to dust.
You feel strangely unstable.
The hell knight hits your ice beast with an enchanted broad axe!
The hell knight closely misses your ice beast.
You block the war gargoyle's attack.
The ettin hits you with a dire flail of draining.
You feel drained. The ettin hits you with a dire flail!!
* * * LOW HITPOINT WARNING * * *
The ettin hits you with a dire flail!!!
You die...
Your body glows slightly and disappears.

# #############..
#..............
##########.§....@.......
..........(....9CC......
.............†.Yl.......
..............pY........
..............(o........
.......#######(#######..
.......# #)# . .......#
#c# ...<...# )#.#(


You could see a yaktaur captain, an orc knight (petrified), 2 ettins, a hell
knight, a war gargoyle, a friendly basilisk and 2 friendly ice beasts.

Vanquished Creatures
  3 two-headed ogres
  Pikel (D:8)
  Psyche (D:8)
  A troll (D:11)
  2 hornets (D:8)
  2 hippogriffs
  A wraith (D:10)
  Sigmund (D:3)
  2 humans (D:7)
  2 soldier ants (D:8)
  Duvessa (D:4)
  2 eyes of draining (D:6)
  A slave (D:8)
  3 orc warriors
  A hornet zombie (D:7)
  2 ice beasts
  2 sky beasts (D:7)
  A phantom (D:8)
  A necrophage (D:7)
  7 centaurs
  2 ogres
  A big kobold (D:8)
  A gnoll sergeant (D:6)
  6 bullfrogs
  The ghost of Linguinho the Sneak, an amateur SpEn (D:3)
  A wyvern zombie (D:11)
  Dowan (D:4)
  2 scorpions
  A wyvern skeleton (D:10)
  12 killer bees
  7 wights
  7 howler monkeys
  4 crimson imps
  2 hounds
  A jelly (D:10)
  A bullfrog skeleton (D:9)
  A centaur zombie (D:8)
  8 orc wizards
  6 orc priests
  3 centaur skeletons
  2 iguanas (D:11)
  8 worker ants
  9 gnolls
  6 adders
  5 shadow imps
  An ooze (D:1)
  An adder skeleton (D:7)
  5 worms
  A dart slug (D:1)
  7 leopard geckos
  39 orcs
  A ball python (D:1)
  4 bats
  7 giant cockroaches
  7 goblins
  6 hobgoblins
  13 jackals
  11 kobolds
  3 frilled lizards
  A jackal zombie (D:6)
  A leopard gecko skeleton (D:5)
  A leopard gecko zombie (D:5)
  A quokka skeleton (D:8)
  7 rats
  5 fungi (D:9)
  5 plants (D:9)
262 creatures vanquished.

Vanquished Creatures (collateral kills)
  A deep elf archer (D:12)
  An efreet (D:10)
  A tengu conjurer (D:12)
  A troll (D:12)
  A hornet (D:9)
  A hippogriff (D:10)
  A wraith (D:12)
  An orc warrior (D:10)
  A hound (D:9)
  An orc wizard (D:10)
  3 orcs (D:10)
13 creatures vanquished.

Vanquished Creatures (others)
  2 slaves (D:8)
  A big kobold (D:8)
  A bullfrog (D:8)
  A crimson imp (D:8)
  An iguana (D:8)
  An orc (D:8)
  2 kobolds (D:8)
9 creatures vanquished.

Grand Total: 284 creatures vanquished

Notes
Turn   | Place    | Note
-------+----------+-------------------------------------------
     0 | D:1      | empire the Minotaur Fighter began the quest for the Orb.
     0 | D:1      | Reached XP level 1. HP: 19/19 MP: 0/0
   111 | D:1      | Reached XP level 2. HP: 27/27 MP: 1/1
   120 | D:1      | Reached skill level 3 in Axes
   420 | D:1      | Reached skill level 1 in Dodging
   464 | D:1      | Reached XP level 3. HP: 33/33 MP: 2/2
   827 | D:2      | Reached XP level 4. HP: 20/40 MP: 3/3
  1308 | D:2      | You fall through a shaft for 2 floors!
  1344 | D:4      | Noticed Duvessa
  1347 | D:4      | Noticed Dowan
  1357 | D:4      | Gained mutation: Scrolls take you a little longer to read. [potion of mutation]
  1357 | D:4      | Gained mutation: Your spells are a little harder to cast, but a little more powerful. [potion of mutation]
  1357 | D:4      | Gained mutation: You have sharp toenails. [potion of mutation]
  1360 | D:4      | Killed Duvessa
  1360 | D:4      | Reached skill level 1 in Long Blades
  1360 | D:4      | Reached skill level 4 in Axes
  1360 | D:4      | Reached XP level 5. HP: 6/47 MP: 4/4
  1362 | D:4      | Killed Dowan
  1362 | D:4      | Reached XP level 6. HP: 7/53 MP: 5/5
  1907 | D:3      | Noticed Linguinho's ghost (amateur SpEn)
  1949 | D:3      | Killed Linguinho's ghost
  1949 | D:3      | Reached skill level 5 in Shields
  2084 | D:3      | Reached skill level 5 in Axes
  2415 | D:3      | Reached XP level 7. HP: 38/60 MP: 6/6
  2547 | D:3      | Noticed Sigmund
  2582 | D:3      | Killed Sigmund
  2582 | D:3      | Reached skill level 5 in Fighting
  2582 | D:3      | Reached skill level 5 in Armour
  2744 | D:2      | Found a burning altar of Makhleb.
  2751 | D:2      | Found a blossoming altar of Fedhas.
  2758 | D:2      | Found a stormy altar of Qazlal.
  2763 | D:2      | Found an opulent altar of Gozag.
  2775 | D:2      | Found a white marble altar of Elyvilon.
  2780 | D:2      | Found a sparkling altar of Nemelex Xobeh.
  2784 | D:2      | Became a worshipper of Nemelex Xobeh the Trickster
  2794 | D:2      | Found a hazy altar of Hepliaklqana.
  2842 | D:3      | Received a gift from Nemelex Xobeh
  2916 | D:3      | Found a sacrificial altar of Ru.
  3081 | D:3      | Found a faded altar of an unknown god.
  3855 | D:5      | Entered Level 5 of the Dungeon
  3855 | D:5      | Received a gift from Nemelex Xobeh
  3892 | D:5      | Found a staircase to the Ecumenical Temple.
  3901 | Temple   | Entered the Ecumenical Temple
  4005 | Temple   | Reached * piety under Nemelex Xobeh
  4084 | D:5      | Reached skill level 6 in Axes
  4206 | D:5      | Reached XP level 8. HP: 53/68 MP: 7/7
  4214 | D:5      | Reached skill level 1 in Invocations
  4871 | D:6      | Reached skill level 5 in Long Blades
  4889 | D:6      | Reached skill level 7 in Axes
  4911 | D:6      | Received a gift from Nemelex Xobeh
  5055 | D:6      | Noticed a troll
  5116 | D:6      | Lost mutation: Scrolls take you a little longer to read. [potion of mutation]
  5116 | D:6      | Lost mutation: Your spells are a little harder to cast, but a little more powerful. [potion of mutation]
  5116 | D:6      | Lost mutation: You have sharp toenails. [potion of mutation]
  5116 | D:6      | Gained mutation: Armour fits poorly on your strangely shaped body. [potion of mutation]
  5116 | D:6      | Gained mutation: You evolve. [potion of mutation]
  5117 | D:6      | Lost mutation: You evolve. [potion of mutation]
  5117 | D:6      | Lost mutation: Armour fits poorly on your strangely shaped body. [potion of mutation]
  5117 | D:6      | Gained mutation: Your mind is acute. (Int +2) [potion of mutation]
  5117 | D:6      | Gained mutation: You are robust. (+10% HP) [potion of mutation]
  5117 | D:6      | Gained mutation: Your muscles are strong. (Str +2) [potion of mutation]
  5370 | D:6      | Found a bloodstained altar of Trog.
  5592 | D:6      | Reached ** piety under Nemelex Xobeh
  5735 | D:6      | Found an opulent altar of Gozag.
  5934 | D:7      | Reached XP level 9. HP: 71/82 MP: 9/9
  6010 | D:7      | Found an iron altar of Okawaru.
  6105 | D:7      | Received a gift from Nemelex Xobeh
  6188 | D:7      | Found a shimmering altar of Xom.
  6529 | D:7      | Got a heavily runed graven amulet
  6555 | D:7      | Reached skill level 8 in Axes
  6916 | D:8      | Identified a scroll of acquirement
  6917 | D:8      | Got a smoking brass ring
  6918 | D:8      | Identified the ring of Ascent {rF- rN+++ MR+ Str+9 Int-3} (You acquired it on level 8 of the Dungeon)
  6919 | D:8      | Identified the amulet of Hidwuc {Inacc rF- Int+2 Dex+2} (You found it on level 7 of the Dungeon)
  6949 | D:8      | Found a snail-covered altar of Cheibriados.
  6953 | D:8      | Noticed Psyche
  6954 | D:8      | Noticed Pikel
  6995 | D:8      | Killed Pikel
  6995 | D:8      | Reached skill level 5 in Dodging
  7007 | D:8      | Killed Psyche
  7147 | D:8      | Reached skill level 9 in Axes
  7149 | D:8      | Reached XP level 10. HP: 56/92 MP: 11/11
  7278 | D:8      | Got a smoking shortbow
  7386 | D:8      | Paralysed by a hornet for 2 turns
  7448 | D:8      | Noticed a two-headed ogre
  7456 | D:8      | Killed a two-headed ogre
  7597 | D:8      | Reached *** piety under Nemelex Xobeh
  7998 | D:9      | Found a staircase to the Lair.
  8100 | D:9      | Found a staircase to the Orcish Mines.
  8389 | D:9      | Received a gift from Nemelex Xobeh
  8455 | D:9      | Reached skill level 10 in Axes
  8653 | D:10     | Entered Level 10 of the Dungeon
  8851 | D:10     | Got a bloodstained leather armour
  8877 | D:10     | Identified the +1 leather armour "Ifigytt" {Int+2} (You found it on level 10 of the Dungeon)
  8948 | D:10     | Received a gift from Nemelex Xobeh
  9021 | D:10     | Reached **** piety under Nemelex Xobeh
  9358 | D:10     | Noticed a two-headed ogre
  9368 | D:10     | Killed a two-headed ogre
  9368 | D:10     | Reached XP level 11. HP: 64/101 MP: 13/13
  9893 | D:10     | Received a gift from Nemelex Xobeh
 10171 | D:11     | Found a labyrinth entrance.
 10276 | D:11     | Received a gift from Nemelex Xobeh
 10463 | D:11     | You fall through a shaft!
 10463 | D:12     | Noticed a two-headed ogre
 10472 | D:12     | Killed a two-headed ogre
 10472 | D:12     | Reached skill level 11 in Axes
 10472 | D:12     | Reached skill level 5 in Invocations
 10520 | D:12     | Received a gift from Nemelex Xobeh
 10545 | D:12     | Noticed an orc knight
 10547 | D:12     | Noticed an ettin
 10548 | D:12     | Noticed a deep elf archer
 10553 | D:12     | Noticed an ettin
 10579 | D:12     | Killed a deep elf archer
 10601 | D:12     | Noticed a war gargoyle
 10604 | D:12     | Noticed a hell knight
 10607 | D:12     | Noticed a yaktaur captain
 10607 | D:12     | Annihilated by an ettin

Skill      XL: |  1  2  3  4  5  6  7  8  9 10 11 |
---------------+----------------------------------+-----
Axes           | 3 4 5 6 7 9 10 11 | 11.0
Dodging        | 1 2 3 4 5 6 |  6.8
Fighting       | 4 5 6 7 8 |  8.0
Shields        | 4 5 6 7 8 |  8.2
Armour         | 4 5 6 7 8 |  8.4
Long Blades    | 1 2 3 4 6 7 8 9 |  9.5
Invocations    | 2 3 4 5 |  5.1

Action                   |  1- 3 |  4- 6 |  7- 9 | 10-12 || total
-------------------------+-------+-------+-------+-------++-------
Melee: War axe           |    76 |    17 |   157 |   167 ||   417
       Headbutt          |    15 |    25 |    76 |    87 ||   203
       Long sword        |       |    98 |   209 |   122 ||   429
       Kick              |       |    25 |    43 |       ||    68
       Scimitar          |       |       |       |    80 ||    80
Evoke: Deck              |       |       |       |    21 ||    21
  Use: Potion            |       |     7 |     9 |     4 ||    20
       Scroll            |       |     7 |    14 |     7 ||    28
 Stab: Invisible         |       |       |       |     4 ||     4
  Eat: Chunk             |       |     5 |    16 |     7 ||    28
       Meat ration       |       |       |       |     1 ||     1
Armor: Scale mail        |    46 |    63 |       |       ||   109
       Chain mail        |       |       |   212 |   116 ||   328
       Skin              |       |       |    26 |       ||    26
Dodge: Dodged            |    23 |    33 |   108 |   106 ||   270
Block: Shield            |    45 |    49 |   222 |   224 ||   540
       Rpst.: Long sword |       |     5 |    11 |     4 ||    20
       Scimitar          |       |       |       |     3 ||     3
